Workbook

Sheet Sheet2
A2: Name/Company: | W2: Date Submitted:
F3: cheque to be made out to
B5: Preferred Method of Payment:
B6: put an "x" in the box to select your option | I6: cheque | L6: e-transfer | Q6: enter your email address for e-transfers
A8: Mailing Address:
A9: for cheques | E9: Street No. | G9: Street | T9: Unit # | W9: Prov. | Z9: Postal Code
A11: Event/Purpose for payment:
A13: Expenses | W13: Round Trip?
F14: Start date | I14: End Date | L14: Depart from | P14: Destination | T14: # kms
A15: Travel | D15: Trip #1 | Y15: x | Z15: 0.4 | AB15: Total Trip | AD15: =IF(W15="Y",T15*Z15*2,IF(W15="N",T15*Z15,0)) -> 0
D17: Trip #2 | Y17: x | Z17: 0.4 | AB17: Total Trip | AD17: =IF(W17="Y",T17*Z17*2,IF(W17="N",T17*Z17,0)) -> 0
D19: Trip #3 | Y19: x | Z19: 0.4 | AB19: Total Trip | AD19: =IF(W19="Y",T19*Z19*2,IF(W19="N",T19*Z19,0)) -> 0
D21: Trip #4 | Y21: x | Z21: 0.4 | AB21: Total Trip | AD21: =IF(W21="Y",T21*Z21*2,IF(W21="N",T21*Z21,0)) -> 0
D23: Trip #4 | Y23: x | Z23: 0.4 | AB23: Total Trip | AD23: =IF(W23="Y",T23*Z23*2,IF(W23="N",T23*Z23,0)) -> 0
X26: Travel total | AB26: =SUM(AD15:AE24) -> 0
A28: Meals | F28: Breakfast ($10) | N28: =K28*10 -> 0 | S28: see policy for eligible per diem rates (note: receipts not required)
F29: Lunch ($15) | N29: =K29*15 -> 0
F30: Dinner ($25) | N30: =K30*25 -> 0
F32: Other Meals, if prior approval was received (Receipt requried)
F34: Description | P34: Receipt | S34: Amount
X37: Meal total | AB37: =SUM(N28,N29,N30,S35,S37) -> 0
A39: Others | F39: Description | O39: Receipt | S39: Amount
X50: Other total: | AB50: =S40+S46+S48+S50+S42+S44 -> 0
X52: CLAIM TOTAL: | AB52: =SUM(AB50,AB37,AB26) -> 0
A55: Office use only
A57: Acc# | C57: Program | K57: Purpose | T57: Sub Total | X57: HST | AB57: Total
C59: =VLOOKUP(A59,Sheet3!A:B,2,FALSE) -> #N/A | AB59: =T59+X59 -> 0
C61: =VLOOKUP(A61,Sheet3!A:B,2,FALSE) -> #N/A | AB61: =T61+X61 -> 0
C63: =VLOOKUP(A63,Sheet3!A:B,2,FALSE) -> #N/A | AB63: =T63+X63 -> 0
C65: =VLOOKUP(A65,Sheet3!A:B,2,FALSE) -> #N/A | AB65: =T65+X65 -> 0
C67: =VLOOKUP(A67,Sheet3!A:B,2,FALSE) -> #N/A | AB67: =T67+X67 -> 0
C69: =VLOOKUP(A69,Sheet3!A:B,2,FALSE) -> #N/A | AB69: =T69+X69 -> 0
A71: Total | T71: =SUM(T59:V69) -> 0 | X71: =SUM(X59:Z69) -> 0 | AB71: =SUM(AB59:AE69) -> 0
F74: Claim # | M74: Date of cheque | U74: Authorized Approval
AD75: expF25
A77: Forms & required receipts to be emailed to appropriate staff person or mailed to: Row Ontario c/o Canada Games Park, 2021 Canada Games Way, Thorold, ON L2V 4Y6
A78: Claims & receipts must be submitted within 30 days of incurring expenses

Sheet Sheet3
A1: Account # | B1: Full name
A2: 5020 | B2: Staff travel
A3: 5030 | B3: Professional Development
A4: 5050 | B4: Housing
A5: 5060 | B5: Staff apparel and recognition
A6: 5070 | B6: Staff meetings | C6: Accommodations - conf speaker
A7: 5104 | B7: Office maintenance & renos | C7: Accommodations - LF or Evaluator
A8: 5110 | B8: MSTF Phone System | C8: Accommodations - staff
A9: 5114 | B9: IT support and purchases | C9: Accommodations - umpire/clinician/CU
A10: 5116 | B10: Office supplies | C10: Awards
A11: 5128 | B11: Zoom subscription | C11: Bursary
A12: 5130 | B12: Printing | C12: Equipment
A13: 5132 | B13: Posting & Shipping | C13: Flight - conf speaker
A14: 5140 | B14: Strategic Planning | C14: Flight - LF or Evaluator
A15: 5170 | B15: Member, Board, and Committee meetings | C15: Flight - staff
A16: 5190 | B16: Misc expenses | C16: Flight - umpire/clinician/CU
A17: 5202 | B17: Community engagement expenses | C17: Honorarium - clinician
... A35: 5411 | B35: Umpire Level 2 seminars | C35: Venue/facility rental/Permit
A36: 5421 | B36: Level 2 Umpire exams
A37: 5431 | B37: Umpire Level 3 clinics
A38: 5441 | B38: Umpire Leve 3 exams | C38: Athlete registration refund
A39: 5450 | B39: Umpire PD | C39: Clinic fee refund
A40: 5460 | B40: Umpire Training Conference | C40: Coach registration refund
A41: 5470 | B41: Umpire Equipment expenses | C41: Conference fee refund
A42: 5481 | B42: Coastal Coach Workshop expenses | C42: Regatta fee refund
A43: 5501 | B43: Learn to Row Workshop expenses
A44: 5511 | B44: RCA Coach Workshop expenses
A45: 5521 | B45: Coach evaluation expenses
A46: 5530 | B46: MED course expenses
A47: 5541 | B47: Coach developer training expenses
A48: 5551 | B48: RowOn Coaches Conf
A49: 5590 | B49: Coach program assets
A50: 5601 | B50: Club visits
A51: 5602 | B51: GD - Coach training
A52: 5603 | B52: GD - Program equipment
A53: 5604 | B53: GD - Equipment insurance
A54: 5702 | B54: Tech Lead travel
... A95: 4481 | B95: Coast Coach Workshop fees

Sheet Sheet1
B2: Y
B3: N
B7: 40129 - password
